 Dungeon Crawl Stone Soup version 0.29-a0-243-g602b31c20e (webtiles) character file.

Game seed: 6266759962477845176

293 sanka the Ducker (level 6, -2/53 HPs)
             Began as a Gnoll Monk on Mar 4, 2022.
             Was a Believer of Vehumet.
             Slain by a sky beast (6 damage)
             ... on level 4 of the Dungeon.
             The game lasted 00:03:14 (2147 turns).

sanka the Ducker (Gnoll Monk)                       Turns: 2147, Time: 00:03:15

Health: -2/53      AC:  2    Str: 12    XL:     6   Next: 33%
Magic:  8/8        EV: 15    Int:  9    God:    Vehumet [**....]
Gold:   125        SH:  0    Dex: 15    Spells: 8/8 levels left

rFire   . . .      SeeInvis .   e - +0 war axe
rCold   . . .      Faith    .   (no shield)
rNeg    . . .      Spirit   .   b - +0 robe
rPois   .          Reflect  .   (no helmet)
rElec   .          Harm     .   (no cloak)
rCorr   .          Rampage  .   (no gloves)
Will    .....                   (no boots)
Stlth   +++.......              n - amulet of regeneration
HPRegen 0.97/turn               (no ring)
MPRegen 0.11/turn               (no ring)

@: no status effects
A: fangs 1, strong nose, distributed training
a: Renounce Religion


You were on level 4 of the Dungeon.
You worshipped Vehumet.
Vehumet was pleased with you.
You visited 1 branch of the dungeon, and saw 4 of its levels.

You collected 125 gold pieces.


Innate Abilities, Weirdness & Mutations

You have very sharp teeth.
Your uncanny sense of smell can sniff out nearby items.
Your experience applies equally to all skills.


   Skills:
 + Level 6.8 Fighting
 + Level 1.9 Short Blades
 + Level 1.9 Long Blades
 + Level 6.8 Axes
 + Level 1.9 Maces & Flails
 + Level 1.9 Polearms
 + Level 1.9 Staves
 + Level 1.9 Slings
 + Level 1.9 Bows
 + Level 1.9 Crossbows
 + Level 1.9 Throwing
 + Level 1.9 Armour
 + Level 6.8 Dodging
 + Level 4.6 Stealth
 + Level 1.9 Shields
 + Level 1.9 Unarmed Combat
 + Level 1.9 Spellcasting
 + Level 1.5 Conjurations
 + Level 1.5 Hexes
 + Level 1.5 Summonings
 + Level 1.5 Necromancy
 + Level 1.5 Translocations
 + Level 1.5 Transmutations
 + Level 1.5 Fire Magic
 + Level 1.5 Ice Magic
 + Level 1.5 Air Magic
 + Level 1.5 Earth Magic
 + Level 1.5 Poison Magic
 + Level 2.1 Invocations
 + Level 1.9 Evocations


You had 8 spell levels left.
You didn't know any spells.
Your spell library was empty.

Inventory:

Hand Weapons
 a - a +0 hand axe
 e - a +0 war axe (weapon)
 k - a +1 short sword of electrocution
Armour
 b - a +0 robe (worn)
Magical Staves
 l - a staff of poison
Jewellery
 g - an amulet of guardian spirit
 n - an amulet of regeneration (around neck)
Scrolls
 c - 2 scrolls of blinking {unknown}
 f - a scroll of immolation {unknown}
 h - 3 scrolls of identify {unknown}
 i - a scroll of summoning {unknown}
 j - 2 scrolls of amnesia {unknown}
 p - a scroll of teleportation {unknown}
 r - a scroll of vulnerability {unknown}
Potions
 d - 2 potions of brilliance {unknown}
 m - a potion of heal wounds {unknown}
 o - a potion of berserk rage {unknown}
 q - a potion of attraction {unknown}
 s - a potion of haste {unknown}

Dungeon Overview and Level Annotations

Branches:
Dungeon (4/15)
 Temple: D:4-7

Altars:
Vehumet

▒▒▒▒▒ ▒▒▒
▒▒▒▒...▒▒..
▒.PP......
▒▒P....... ..
...P.... ...
..#.#▒ ....
▒.▒▒▒ZY.▒▒....
▒.....g.......
▒▒▒▒▒.........
▒.........
▒...▒▒▒+▒▒
▒...▒▒..▒
▒.......▒
▒.......▒
▒.......▒
▒>...<..▒


You could see a sky beast and a scorpion zombie.


Message History

The bullfrog zombie hits you.
* * * LOW HITPOINT WARNING * * *
You slash the bullfrog zombie!
You destroy the bullfrog zombie!
Vehumet accepts your kill.
Vehumet offers you knowledge of Mephitic Cloud.
You completely miss the scorpion zombie.
You miss something. The scorpion zombie misses you.
A sky beast appears from thin air!
Reactivating autopickup.
The sky beast completely misses you.
You hit the sky beast.
The sky beast is heavily wounded.
You hit the scorpion zombie. The scorpion zombie hits you.
* * * LOW HITPOINT WARNING * * *
The sky beast hits you.
* * * LOW HITPOINT WARNING * * *
The sky beast shocks you.
* * * LOW HITPOINT WARNING * * *
You barely miss the sky beast.
The sky beast is heavily wounded.
You slash the scorpion zombie! The scorpion zombie hits you.
* * * LOW HITPOINT WARNING * * *
The sky beast hits you.
* * * LOW HITPOINT WARNING * * *
The sky beast shocks you.
You die...

Action                   |  1- 3 |  4- 6 || total
-------------------------+-------+-------++-------
Melee: War axe           |    47 |    17 ||    64
       Hand axe          |     4 |       ||     4
       Bite              |     6 |     4 ||    10
       Short sword       |       |    75 ||    75
 Stab: Sleeping          |     3 |     7 ||    10
Armor: Robe              |     2 |    11 ||    13
Dodge: Dodged            |    51 |    75 ||   126

Levels and vault maps discovered:
D:1:      giann_horns, layout_basic, minmay_misc_feat_chi
D:2:      layout_rooms
D:3:      layout_loops_cross, shapermc_ecumenical_altar_starsandcircs
D:4:      layout_gridville, serial_undead, serial_undead_e, serial_undead_d,
          serial_undead_b, serial_undead_c, serial_undead_a, serial_undead_f,
          serial_undead_a, serial_undead_e, uniq_natasha, uniq_ijyb

Notes
Turn   | Place    | Note
-------+----------+-------------------------------------------
     0 | D:1      | sanka the Gnoll Monk began the quest for the Orb.
     0 | D:1      | Reached XP level 1. HP: 23/23 MP: 1/1
   279 | D:1      | Reached XP level 2. HP: 28/29 MP: 2/2
   806 | D:2      | Reached XP level 3. HP: 32/35 MP: 3/3
   869 | D:2      | Reached skill level 1 in Invocations
   881 | D:2      | Reached skill level 1 in Short Blades
   881 | D:2      | Reached skill level 1 in Long Blades
   881 | D:2      | Reached skill level 1 in Maces & Flails
   881 | D:2      | Reached skill level 1 in Polearms
   881 | D:2      | Reached skill level 1 in Staves
   881 | D:2      | Reached skill level 1 in Slings
   881 | D:2      | Reached skill level 1 in Bows
   881 | D:2      | Reached skill level 1 in Crossbows
   881 | D:2      | Reached skill level 1 in Throwing
   881 | D:2      | Reached skill level 1 in Armour
   881 | D:2      | Reached skill level 1 in Shields
   881 | D:2      | Reached skill level 1 in Unarmed Combat
   881 | D:2      | Reached skill level 1 in Spellcasting
   881 | D:2      | Reached skill level 1 in Evocations
  1136 | D:2      | Reached XP level 4. HP: 40/41 MP: 5/5
  1432 | D:3      | Identified the +1 robe "Fumog" {*Corrode +Inv rElec Will++}
  1607 | D:3      | Noticed a scorpion
  1620 | D:3      | Killed a scorpion
  1621 | D:3      | Reached skill level 1 in Conjurations
  1621 | D:3      | Reached skill level 1 in Hexes
  1621 | D:3      | Reached skill level 1 in Summonings
  1621 | D:3      | Reached skill level 1 in Necromancy
  1621 | D:3      | Reached skill level 1 in Translocations
  1621 | D:3      | Reached skill level 1 in Transmutations
  1621 | D:3      | Reached skill level 1 in Fire Magic
  1621 | D:3      | Reached skill level 1 in Ice Magic
  1621 | D:3      | Reached skill level 1 in Air Magic
  1621 | D:3      | Reached skill level 1 in Earth Magic
  1621 | D:3      | Reached skill level 1 in Poison Magic
  1621 | D:3      | Reached XP level 5. HP: 33/47 MP: 5/7
  1652 | D:3      | Found a faded altar of an unknown god.
  1690 | D:3      | Reached XP level 6. HP: 22/53 MP: 8/8
  1693 | D:3      | Reached skill level 2 in Invocations
  1738 | D:3      | Prayed at the altar of an unknown god.
  1738 | D:3      | Became a worshipper of Vehumet
  1738 | D:3      | Reached * piety under Vehumet
  1738 | D:3      | Offered knowledge of Shock by Vehumet.
  1738 | D:3      | Reached ** piety under Vehumet
  2017 | D:3      | Offered knowledge of Freeze by Vehumet.
  2127 | D:4      | Noticed a sky beast
  2145 | D:4      | Offered knowledge of Mephitic Cloud by Vehumet.
  2147 | D:4      | HP: 5/53 [scorpion zombie (2)]
  2147 | D:4      | Slain by a sky beast

Vanquished Creatures
  A bullfrog (D:3)
  A scorpion (D:3)
  A bullfrog zombie (D:4)
  A scorpion zombie (D:4)
  5 adders
  A worm (D:2)
  2 dart slugs (D:3)
  4 orcs
  8 ball pythons
  5 bats
  2 endoplasms
  2 giant cockroaches
  8 goblins
  4 hobgoblins
  3 quokkas
  A frilled lizard (D:3)
  3 rats
52 creatures vanquished.

Vanquished Creatures (others)
  2 withered plants (D:4)
2 creatures vanquished.

Grand Total: 54 creatures vanquished
